General information
- name: BNet
- type: Ladder team game (AT/RT)
- host: Battle.net
- saver: BRASILSUCKSC0CK
map: MarketSquare
- players: 8
- length: 23:40
- speed: Fast
- version: 1.26 W3XP
- replay type: Public
» download(186 KB)
Players
team 1 (loser)

»
sir_franco (
orange | 93 APM | 1930 actions | 20:42)
5 Paladin
2 Holy Light
2 Devotion Aura
1 Divine Shield
» actions
| Assign group hotkey | 26 | |
| Build / train | 90 | |
| Enter build submenu | 23 | |
| Enter hero's abilities submenu | 5 | |
| Give item / drop item | 3 | |
| Remove unit from queue | 3 | |
| Right click | 879 | |
| Select / deselect | 358 | |
| Select group hotkey | 483 | |
| Use ability | 60 | |
1930 total
» units
| Peasant | 38 | |
| Footman | 5 | |
| Knight | 18 | |
61 total
» upgrades
| Swords | 2 | |
| Plating | 2 | |
| Lumber Harvesting | 2 | |
| Animal War Training | 1 | |
7 total
» buildings
| Altar of Kings | 1 | |
| Barracks | 3 | |
| Farm | 6 | |
| Keep | 1 | |
| Lumber Mill | 1 | |
| Blacksmith | 1 | |
| Arcane Vault | 1 | |
| Castle | 1 | |
| Town Hall | 1 | |
| Scout Tower | 7 | |
| Guard Tower | 3 | |
26 total
» build order
00:23 Altar of Kings
00:41 Barracks
00:47 Farm
01:07 Farm
01:52 Farm
02:42 Keep
03:04 Lumber Mill
03:08 Blacksmith
03:20 Arcane Vault
04:04 Barracks
04:31 Farm
05:04 Castle
05:15 Farm
06:09 Farm
07:29 Town Hall
07:32 Scout Tower
07:47 Scout Tower
08:19 Guard Tower
08:21 Scout Tower
08:23 Scout Tower
10:25 Guard Tower
13:31 Scout Tower
13:33 Scout Tower
13:35 Scout Tower
15:14 Guard Tower
18:00 Barracks
» items
| Scroll of Town Portal | 3 | |
| Scroll of Protection | 1 | |
| Lesser Clarity Potion | 2 | |
| Potion of Healing | 2 | |
8 total
WhosGotTheMota (
red | 40 APM | 945 actions | 23:39)
6 Archmage
3 Summon Water Elemental
1 Brilliance Aura
1 Blizzard
1 Mass Teleport
1 Paladin
1 Divine Shield
» actions
| Basic commands | 1 | |
| Build / train | 117 | |
| Enter build submenu | 29 | |
| Enter hero's abilities submenu | 7 | |
| Remove unit from queue | 2 | |
| Right click | 299 | |
| Select / deselect | 403 | |
| Use ability | 87 | |
945 total
» units
| Peasant | 35 | |
| Footman | 14 | |
| Mortar Team | 7 | |
| Priest | 6 | |
| Sorceress | 3 | |
| Siege Engine | 8 | |
| Knight | 3 | |
76 total
» upgrades
| Lumber Harvesting | 1 | |
| Sorceress Training | 1 | |
| Gunpowder | 2 | |
| Priest Training | 1 | |
| Barrage | 1 | |
| Plating | 1 | |
7 total
» buildings
| Altar of Kings | 1 | |
| Barracks | 1 | |
| Farm | 7 | |
| Lumber Mill | 1 | |
| Blacksmith | 1 | |
| Keep | 1 | |
| Town Hall | 1 | |
| Scout Tower | 12 | |
| Guard Tower | 8 | |
| Workshop | 2 | |
| Arcane Sanctum | 1 | |
| Castle | 1 | |
| Arcane Vault | 1 | |
38 total
» build order
00:39 Altar of Kings
00:54 Barracks
00:58 Farm
01:29 Farm
01:42 Lumber Mill
01:57 Farm
02:12 Farm
02:42 Farm
03:49 Blacksmith
04:26 Farm
04:34 Keep
05:14 Town Hall
05:39 Scout Tower
06:28 Scout Tower
06:33 Guard Tower
06:48 Guard Tower
06:51 Scout Tower
06:53 Scout Tower
07:14 Workshop
07:16 Workshop
07:20 Arcane Sanctum
07:24 Guard Tower
07:29 Scout Tower
08:24 Guard Tower
08:26 Scout Tower
08:59 Scout Tower
09:01 Guard Tower
09:33 Guard Tower
10:02 Scout Tower
10:04 Scout Tower
10:20 Scout Tower
10:39 Farm
10:47 Guard Tower
11:29 Castle
13:54 Scout Tower
13:58 Scout Tower
15:27 Arcane Vault
15:30 Guard Tower
» items
| Scroll of Town Portal | 12 | |
| Potion of Healing | 2 | |
14 total

»
chaudevant (
green | 52 APM | 1112 actions | 21:12)
4 Demon Hunter
2 Evasion
1 Immolation
1 Mana Burn
» actions
| Build / train | 61 | |
| Enter build submenu | 25 | |
| Enter hero's abilities submenu | 4 | |
| Right click | 678 | |
| Select / deselect | 300 | |
| Use ability | 44 | |
1112 total
» units
| Wisp | 26 | |
| Archer | 7 | |
| Hippogryph | 6 | |
| Chimaera | 9 | |
48 total
» upgrades
| Strength of the Wild | 2 | |
| Reinforced Hides | 2 | |
| Corrosive Breath | 1 | |
5 total
» buildings
| Altar of Elders | 1 | |
| Moon Well | 10 | |
| Ancient of War | 1 | |
| Hunter's Hall | 1 | |
| Tree of Ages | 1 | |
| Ancient of Wonders | 1 | |
| Tree of Life | 1 | |
| Tree of Eternity | 1 | |
| Ancient of Wind | 1 | |
| Chimaera Roost | 2 | |
| Ancient Protector | 6 | |
26 total
» build order
00:09 Altar of Elders
00:12 Moon Well
00:48 Ancient of War
01:46 Moon Well
02:07 Moon Well
02:41 Hunter's Hall
03:35 Tree of Ages
04:10 Moon Well
04:36 Ancient of Wonders
05:11 Moon Well
05:53 Tree of Life
06:13 Tree of Eternity
06:18 Ancient of Wind
08:46 Chimaera Roost
08:48 Chimaera Roost
10:18 Ancient Protector
10:50 Moon Well
11:24 Moon Well
11:40 Moon Well
11:45 Moon Well
12:38 Moon Well
13:07 Ancient Protector
13:14 Ancient Protector
13:29 Ancient Protector
18:46 Ancient Protector
18:48 Ancient Protector
Cptn.Falco (
purple | 50 APM | 1107 actions | 22:05)
6 Priestess of the Moon
3 Trueshot Aura
1 Searing Arrows
1 Scout
1 Starfall
» actions
| Assign group hotkey | 17 | |
| Build / train | 61 | |
| ESC pressed | 1 | |
| Enter build submenu | 18 | |
| Enter hero's abilities submenu | 6 | |
| Remove unit from queue | 2 | |
| Right click | 499 | |
| Select / deselect | 267 | |
| Select group hotkey | 182 | |
| Use ability | 54 | |
1107 total
» units
| Wisp | 16 | |
| Archer | 1 | |
| Huntress | 4 | |
| Assassin | 1 | |
| Rogue | 2 | |
| Dryad | 8 | |
| Druid of the Claw | 2 | |
34 total
» upgrades
| Strength of the Moon | 1 | |
| Moon Armor | 1 | |
| Abolish Magic | 1 | |
| Strength of the Wild | 1 | |
| Reinforced Hides | 1 | |
| Druid of the Claw Training | 2 | |
7 total
» buildings
| Moon Well | 6 | |
| Altar of Elders | 1 | |
| Ancient of War | 1 | |
| Hunter's Hall | 1 | |
| Ancient Protector | 4 | |
| Tree of Ages | 1 | |
| Ancient of Lore | 3 | |
| Ancient of Wonders | 1 | |
| Tree of Life | 1 | |
| Tree of Eternity | 1 | |
| Arcane Tower | 1 | |
21 total
» build order
00:08 Moon Well
00:50 Altar of Elders
01:07 Moon Well
01:32 Ancient of War
02:14 Hunter's Hall
02:24 Moon Well
03:29 Ancient Protector
04:29 Tree of Ages
05:32 Moon Well
06:51 Ancient of Lore
06:53 Ancient of Lore
07:00 Ancient of Lore
08:41 Moon Well
08:44 Moon Well
09:42 Ancient of Wonders
09:55 Tree of Life
10:28 Ancient Protector
10:36 Ancient Protector
12:47 Tree of Eternity
17:53 Ancient Protector
20:28 Arcane Tower
» items
| Scroll of Regeneration | 2 | |
| Potion of Healing | 3 | |
| Scroll of Town Portal | 1 | |
| Ivory Tower | 2 | |
8 total
team 2 (winner)
Ryanhead420 (
teal | 65 APM | 1531 actions | 23:39)
7 Death Knight
2 Death Coil
3 Unholy Aura
1 Animate Dead
1 Death Pact
7 Lich
3 Frost Nova
3 Dark Ritual
1 Death and Decay
» actions
| Assign group hotkey | 43 | |
| Basic commands | 24 | |
| Build / train | 54 | |
| ESC pressed | 3 | |
| Enter build submenu | 26 | |
| Enter hero's abilities submenu | 13 | |
| Give item / drop item | 4 | |
| Right click | 614 | |
| Select / deselect | 255 | |
| Select group hotkey | 396 | |
| Use ability | 99 | |
1531 total
» units
| Acolyte | 3 | |
| Ghoul | 4 | |
| Crypt Fiend | 6 | |
| Obsidian Statue | 4 | |
| Frost Wyrm | 4 | |
21 total
» upgrades
| Destroyer Form | 1 | |
| Web | 1 | |
| Freezing Breath | 1 | |
3 total
» buildings
| Crypt | 1 | |
| Graveyard | 1 | |
| Altar of Darkness | 1 | |
| Ziggurat | 13 | |
| Tomb of Relics | 1 | |
| Halls of the Dead | 1 | |
| Black Citadel | 1 | |
| Slaughterhouse | 1 | |
| Sacrificial Pit | 2 | |
| Boneyard | 3 | |
| Spirit Tower | 4 | |
29 total
» build order
00:08 Crypt
00:21 Graveyard
00:44 Altar of Darkness
00:58 Ziggurat
01:31 Tomb of Relics
02:01 Ziggurat
03:54 Halls of the Dead
05:06 Ziggurat
05:08 Ziggurat
07:11 Black Citadel
07:15 Slaughterhouse
07:18 Sacrificial Pit
09:06 Sacrificial Pit
10:03 Boneyard
10:39 Boneyard
10:50 Ziggurat
12:52 Ziggurat
15:26 Ziggurat
15:30 Ziggurat
15:31 Ziggurat
15:37 Ziggurat
15:45 Ziggurat
15:49 Ziggurat
18:34 Ziggurat
19:13 Spirit Tower
19:15 Spirit Tower
19:17 Spirit Tower
19:19 Spirit Tower
22:01 Boneyard
» items
| Rod of Necromancy | 2 | |
| Potion of Lesser Invulnerability | 1 | |
| Boots of Speed | 1 | |
| Scroll of Town Portal | 2 | |
| Orb of Corruption | 1 | |
7 total

»
sc2no.wc4yes (
yellow | 93 APM | 2195 actions | 23:39)
8 Goblin Tinker
3 Pocket Factory
3 Engineering Upgrade
1 Robo-Goblin
1 Cluster Rockets
» actions
| Assign group hotkey | 105 | |
| Basic commands | 108 | |
| Build / train | 72 | |
| Enter build submenu | 29 | |
| Enter hero's abilities submenu | 8 | |
| Remove unit from queue | 1 | |
| Right click | 767 | |
| Select / deselect | 325 | |
| Select group hotkey | 646 | |
| Use ability | 134 | |
2195 total
» units
| Acolyte | 11 | |
| Ghoul | 6 | |
| Necromancer | 10 | |
| Obsidian Statue | 4 | |
| Meatwagon | 6 | |
| Banshee | 1 | |
38 total
» upgrades
| Necromancer Training | 2 | |
| Skeletal Longevity | 1 | |
| Exhume Corpses | 1 | |
| Disease Cloud | 1 | |
| Skeletal Mastery | 1 | |
| Banshee Training | 2 | |
| Creature Attack | 1 | |
| Creature Carapace | 0 | |
9 total
» buildings
| Crypt | 3 | |
| Necropolis | 2 | |
| Ziggurat | 14 | |
| Altar of Darkness | 1 | |
| Nerubian Tower | 3 | |
| Halls of the Dead | 2 | |
| Graveyard | 2 | |
| Tomb of Relics | 1 | |
| Black Citadel | 1 | |
| Sacrificial Pit | 1 | |
| Spirit Tower | 2 | |
| Temple of the Damned | 3 | |
| Slaughterhouse | 2 | |
37 total
» build order
00:18 Crypt
00:33 Necropolis
00:59 Ziggurat
01:17 Altar of Darkness
02:20 Ziggurat
02:48 Nerubian Tower
03:46 Ziggurat
04:23 Halls of the Dead
04:23 Halls of the Dead
04:49 Graveyard
05:20 Ziggurat
05:21 Ziggurat
05:40 Nerubian Tower
05:42 Tomb of Relics
05:44 Ziggurat
06:08 Ziggurat
06:19 Ziggurat
06:20 Ziggurat
06:48 Black Citadel
06:49 Sacrificial Pit
07:09 Spirit Tower
07:12 Nerubian Tower
07:27 Temple of the Damned
07:28 Temple of the Damned
07:29 Slaughterhouse
07:48 Slaughterhouse
11:12 Temple of the Damned
12:55 Spirit Tower
14:33 Ziggurat
14:34 Ziggurat
14:34 Ziggurat
14:35 Ziggurat
14:35 Ziggurat
15:08 Necropolis
15:29 Crypt
18:53 Crypt
18:56 Graveyard
» items
| Boots of Speed | 1 | |
| Staff of Teleportation | 1 | |
| Potion of Invisibility | 1 | |
| Orb of Corruption | 1 | |
| Scroll of Town Portal | 3 | |
7 total

»
USUCKBALLS1 (
blue | 34 APM | 801 actions | 23:39)
6 Crypt Lord
3 Carrion Beetles
2 Spiked Carapace
1 Locust Swarm
» actions
| Assign group hotkey | 21 | |
| Build / train | 48 | |
| ESC pressed | 6 | |
| Enter build submenu | 23 | |
| Enter hero's abilities submenu | 6 | |
| Right click | 362 | |
| Select / deselect | 179 | |
| Select group hotkey | 120 | |
| Use ability | 36 | |
801 total
» units
| Acolyte | 14 | |
| Ghoul | 3 | |
| Crypt Fiend | 8 | |
| Abomination | 2 | |
27 total
» upgrades
| Web | 1 | |
| Unholy Armor | 2 | |
| Unholy Strength | 2 | |
| Disease Cloud | 1 | |
6 total
» buildings
| Ziggurat | 10 | |
| Altar of Darkness | 1 | |
| Crypt | 1 | |
| Nerubian Tower | 1 | |
| Graveyard | 1 | |
| Spirit Tower | 4 | |
| Halls of the Dead | 2 | |
| Black Citadel | 1 | |
| Sacrificial Pit | 1 | |
| Slaughterhouse | 2 | |
| Necropolis | 1 | |
25 total
» build order
00:12 Ziggurat
00:16 Altar of Darkness
00:48 Crypt
01:10 Nerubian Tower
01:19 Ziggurat
01:30 Graveyard
02:10 Ziggurat
02:52 Spirit Tower
03:04 Spirit Tower
04:20 Ziggurat
05:17 Halls of the Dead
05:22 Spirit Tower
07:41 Black Citadel
07:47 Sacrificial Pit
07:52 Ziggurat
08:31 Slaughterhouse
08:35 Slaughterhouse
09:42 Spirit Tower
09:47 Ziggurat
09:51 Ziggurat
16:26 Necropolis
21:41 Halls of the Dead
22:05 Ziggurat
22:08 Ziggurat
22:11 Ziggurat
BRASILSUCKSC0CK (
pink | 76 APM | 1791 actions | 23:40)
8 Death Knight
3 Death Coil
3 Unholy Aura
1 Animate Dead
1 Death Pact
» actions
| Assign group hotkey | 29 | |
| Basic commands | 27 | |
| Build / train | 89 | |
| Enter build submenu | 18 | |
| Enter hero's abilities submenu | 8 | |
| Give item / drop item | 2 | |
| Right click | 841 | |
| Select / deselect | 355 | |
| Select group hotkey | 351 | |
| Use ability | 71 | |
1791 total
» units
| Acolyte | 7 | |
| Ghoul | 4 | |
| Crypt Fiend | 15 | |
| Obsidian Statue | 7 | |
| Gargoyle | 4 | |
37 total
» upgrades
| Creature Attack | 3 | |
| Web | 1 | |
| Destroyer Form | 1 | |
| Creature Carapace | 3 | |
| Disease Cloud | 1 | |
| Unholy Armor | 2 | |
| Unholy Strength | 1 | |
| Burrow | 1 | |
| Exhume Corpses | 1 | |
| Cannibalize | 1 | |
15 total
» buildings
| Altar of Darkness | 1 | |
| Ziggurat | 9 | |
| Crypt | 1 | |
| Graveyard | 1 | |
| Tomb of Relics | 1 | |
| Halls of the Dead | 5 | |
| Spirit Tower | 7 | |
| Black Citadel | 3 | |
| Slaughterhouse | 1 | |
| Nerubian Tower | 1 | |
| Necropolis | 2 | |
32 total
» build order
00:07 Altar of Darkness
00:08 Ziggurat
00:36 Crypt
00:57 Graveyard
01:22 Ziggurat
01:49 Tomb of Relics
03:38 Halls of the Dead
03:38 Halls of the Dead
05:11 Ziggurat
06:35 Spirit Tower
07:08 Black Citadel
07:25 Slaughterhouse
08:26 Nerubian Tower
09:15 Ziggurat
12:32 Spirit Tower
12:53 Ziggurat
12:55 Ziggurat
12:56 Ziggurat
13:47 Spirit Tower
13:47 Spirit Tower
13:49 Spirit Tower
15:34 Ziggurat
15:35 Ziggurat
17:05 Necropolis
17:06 Spirit Tower
17:39 Necropolis
18:23 Spirit Tower
18:49 Halls of the Dead
19:41 Halls of the Dead
22:44 Black Citadel
22:45 Black Citadel
» items
| Rod of Necromancy | 1 | |
| Scroll of Town Portal | 2 | |
| Potion of Healing | 4 | |
| Boots of Speed | 1 | |
| Potion of Lesser Invulnerability | 1 | |
| Scroll of Healing | 1 | |
| Orb of Corruption | 1 | |
| Potion of Mana | 1 | |
12 total
Chat log
(00:12 / Allies) Ryanhead420: hiya
(00:15 / Allies) BRASILSUCKSC0CK: sup sc2no.wc4yes
(00:20 / Allies) sc2no.wc4yes: sup granny
(00:22 / Allies) USUCKBALLS1: rush?
(00:27 / Allies) BRASILSUCKSC0CK: I frequently post on highperch, aka is itachi from years ago
(00:33 / Allies) BRASILSUCKSC0CK: turncoat and flamechamp quit btw, not sure if you heard
(00:52 / Allies) sc2no.wc4yes: i didnt realize turncoat was a guys name
(01:03 / Allies) BRASILSUCKSC0CK: he's had it for years
(02:37 / Allies) Ryanhead420: lol
(03:42 / Allies) USUCKBALLS1: hit soon?
(03:48 / Allies) Ryanhead420: or middle
(03:55 / Allies) USUCKBALLS1: middle
(03:56 / Allies) BRASILSUCKSC0CK: creep imo
(06:15 / Allies) Ryanhead420: was there an item?
(06:19 / Allies) BRASILSUCKSC0CK: tome of power
(06:25 / Allies) sc2no.wc4yes: it never touched the ground
(06:28 / Allies) sc2no.wc4yes: hueheuheuhehue
(06:31 / Allies) BRASILSUCKSC0CK: lol
(07:54 / Allies) sc2no.wc4yes: ill go nickerwagon
(08:00 / Allies) sc2no.wc4yes: since we cant all go worms
(08:02 / Allies) BRASILSUCKSC0CK: k
(08:39 / Allies) USUCKBALLS1: ty
(12:25 / Allies) Ryanhead420: back
(13:49 / Allies) USUCKBALLS1: omw
(14:03 / Allies) BRASILSUCKSC0CK: necrowagon is a fun build
(14:32 / Allies) Ryanhead420: gj
(14:36 / Allies) USUCKBALLS1: omw
(14:47 / Allies) Ryanhead420: lol
(14:55 / Allies) BRASILSUCKSC0CK: i never see UD expos like that
(15:19 / Allies) sc2no.wc4yes: we need to end this fast
(15:22 / Allies) sc2no.wc4yes: i gor aped
(16:09 / Allies) sc2no.wc4yes: keep ur heros bac'
(16:54 / Allies) sc2no.wc4yes: too much land
(16:55 / Allies) sc2no.wc4yes: cant move
(17:11 / Allies) USUCKBALLS1: need to kill those fucking chims
(17:19 / Allies) Ryanhead420: coil me
(18:36 / Allies) sc2no.wc4yes: ud so garbage without unholy aura
(18:44 / Allies) BRASILSUCKSC0CK: yeah, it adds so much mobility
(18:50 / Allies) Ryanhead420: wisp
(19:17 / Allies) USUCKBALLS1: coming pink
(20:44 / Allies) BRASILSUCKSC0CK: gj
(21:04 / All) chaudevant: gg yellow
(21:09 / All) sc2no.wc4yes: gg
(21:12 / Allies) sc2no.wc4yes: lmao
(21:18 / Allies) sc2no.wc4yes: in other words
(21:18 / Allies) BRASILSUCKSC0CK: I played him before
(21:19 / Allies) BRASILSUCKSC0CK: he sucks
(21:20 / Allies) sc2no.wc4yes: u guys pissed him off
(21:24 / Allies) BRASILSUCKSC0CK: yeah
(21:35 / Allies) BRASILSUCKSC0CK: entire fucking army at my base from macro
(23:09 / Allies) sc2no.wc4yes: lol
(23:15 / Allies) BRASILSUCKSC0CK: uh-oh!